 Dungeon Crawl Stone Soup version 0.18.1-2-ga659475 (webtiles) character file.

6406 zxpr0jk the Cleaver (level 10, -1/84 HPs)
             Began as a Minotaur Fighter on May 9, 2016.
             Was a High Priest of Cheibriados.
             Slain by an orc warrior
             ... wielding a +0 war axe
              (2 damage)
             ... on level 10 of the Dungeon.
             The game lasted 00:14:44 (6339 turns).

zxpr0jk the Cleaver (Minotaur Fighter)              Turns: 6339, Time: 00:14:45

Health: -1/84      AC: 17    Str: 45    XL:     10   Next: 66%
Magic:  9/9        EV: 16    Int: 23    God:    Cheibriados [*****.]
Gold:   518        SH: 15    Dex: 32    Spells: 0 memorised, 9 levels left

rFire  + . .     SeeInvis .     N - +2 rapier "Septufiy" {drain, *Rage Int+4}
rCold  + . .     Gourm    .     D - +1 plate armour
rNeg   . . .     Faith    .     c - +0 shield
rPois  +         Spirit   .     (helmet restricted)
rElec  +         Dismiss  .     (no cloak)
rCorr  +         Reflect  .     (no gloves)
SustAt .         Harm     .     (no boots)
MR     +....     Rnd*Rage +     (no amulet)
Stlth  ..........               s - +6 ring of strength
                                q - +5 ring of strength

@: agile, resistant, very slightly contaminated, slowed, very slow, somewhat
resistant to hostile enchantments, extremely unstealthy
A: retaliatory headbutt, horns 2, rough black scales 1, frail 1, magic
resistance 1, poison resistance, regeneration 1, MP-powered wands
a: Bend Time, Temporal Distortion, Slouch, Step From Time, Renounce Religion


You were on level 10 of the Dungeon.
You worshipped Cheibriados.
Cheibriados was extremely pleased with you.
You were not hungry.

You visited 2 branches of the dungeon, and saw 11 of its levels.
You also visited: Ossuary.

You collected 518 gold pieces.

Inventory:

Hand Weapons
 N - the +2 rapier "Septufiy" (weapon) {drain, *Rage Int+4}
   (You found it on level 8 of the Dungeon)

   A truly terrible weapon, it drains the life of those it strikes.
   It affects your intelligence (+4).
   It may make you go berserk in combat.
Armour
 c - a +0 shield (worn)
 D - a +1 plate armour (worn)
Rods
 a - a +4 rod of inaccuracy (14/14)
   (You took it off a kobold on level 9 of the Dungeon)
Jewellery
 q - a +5 ring of strength (left hand)
 s - a +6 ring of strength (right hand)
 J - an uncursed ring of fire
Wands
 d - a wand of flame (27/48)
 y - a wand of disintegration (21/24)
 I - a wand of disintegration (8/24)
 L - a wand of digging (15/24)
Scrolls
 b - a scroll of immolation
 e - a scroll of blinking
 g - 4 scrolls of recharging
 h - 6 scrolls of teleportation
 l - a scroll of amnesia
 r - 2 scrolls of remove curse
 t - a scroll of identify
 w - 3 scrolls of magic mapping
 B - a scroll of enchant armour
Potions
 i - a potion of brilliance {unknown}
 j - a potion of beneficial mutation
 m - 9 potions of curing
 o - a potion of lignification
 p - 2 potions of cancellation
 u - 2 potions of flight
 x - 3 potions of heal wounds
 z - a potion of agility
 C - a potion of cure mutation
 G - a potion of resistance
Books
 H - a book of Power

   Spells                             Type                      Level
   a - Fulminant Prism                Conjuration/Hexes            4
   b - Iskenderun's Mystic Blast      Conjuration                  4
   c - Venom Bolt                     Conjuration/Poison           5
   d - Bolt of Magma                  Conjuration/Fire/Earth       5
   e - Iron Shot                      Conjuration/Earth            6
   f - Orb of Destruction             Conjuration                  7
   g - Spellforged Servitor           Conjuration/Summoning        7
 K - a book of Spatial Translocations

   Spells                             Type                      Level
   a - Apportation                    Translocation                1
   b - Blink                          Translocation                2
   c - Shroud of Golubria             Charms/Translocation         2
   d - Portal Projectile              Translocation                3
   e - Teleport Other                 Translocation                3
   f - Passage of Golubria            Translocation                4
Comestibles
 f - 8 bread rations
 v - 5 meat rations
 E - 10 fruits
 P - 12 royal jellies


   Skills:
 - Level 10.5 Fighting
 - Level 8.1 Short Blades
   Level 12.1 Axes
 + Level 5.5 Armour
 + Level 3.4 Dodging
 + Level 5.6 Shields


You had 9 spell levels left.
You didn't know any spells.

Dungeon Overview and Level Annotations

Branches:
Dungeon (10/15)            Temple (1/1) D:4
   Lair: D:8-11         Orc: D:9-12

Altars:
Ashenzari
Cheibriados
Dithmenos
Elyvilon
Fedhas
Gozag
Kikubaaqudgha
Makhleb
Nemelex Xobeh
Okawaru
Pakellas
Qazlal
Ru
Sif Muna
Vehumet
Xom
Yredelemnul
Zin
The Shining One

Shops:
D:7 (


Innate Abilities, Weirdness & Mutations

You reflexively headbutt those who attack you in melee.
You have a pair of horns on your head.
You are partially covered in rough black scales (AC +4, Dex -1).
You are frail (-10% HP).
You are resistant to hostile enchantments.
Your system is resistant to poisons.
Your natural rate of healing is unusually fast.
You expend magic power (3 MP) to strengthen your wands.


Message History

You barely miss the orc warrior.
The orc warrior is lightly wounded.
The wraith hits you but does no damage. You block the wraith's attack.
Unknown command.
You hit the orc warrior. You drain the orc warrior!
You headbutt the orc warrior.
The orc warrior is heavily wounded.
You flicker back into view.
The wraith hits you!
* * * LOW HITPOINT WARNING * * *
The wraith drains your vigour!
You feel as though you will be slow longer.
The orc warrior closely misses you. You furiously retaliate!
You headbutt the orc warrior, but do no damage.
The orc priest calls down the wrath of Beogh upon you.
Beogh smites you!
* * * LOW HITPOINT WARNING * * *
You block the wraith's attack. x2
The orc warrior hits you with a war axe.
You die...

โ‰ˆโ‰ˆ..............
โ‰ˆ..............
.............##
#............#
#............ .....
#........... ......#
##.......... .......##
##...W.......
........###..o.@o......
.........#....W)[......
.......................
..........[............
.......................
.....<.................
........รท..........>...
........................
......................


You could see 2 wraiths, an orc warrior and an orc priest.

Vanquished Creatures
  Josephine (D:10)
  The ghost of murtidash the Martial Artist, a novice KoMo (D:5)
  A two-headed ogre (D:9)
  Grinder (D:6)
  A vampire (D:10)
  2 wraiths (D:10)
  2 hungry ghosts
  Menkaure (D:5)
  4 orc warriors
  An ice beast (D:9)
  2 sky beasts
  5 phantoms
  4 ogres
  5 centaurs
  A big kobold (D:9)
  7 giant frogs
  6 water moccasin zombies (Ossuary)
  3 scorpions
  5 howler monkeys
  3 crimson imps
  3 hounds
  A quasit (D:7)
  5 orc priests
  6 jellies
  An iguana (D:9)
  3 orc wizards
  5 worker ants
  2 big kobold zombies (Ossuary)
  2 hound skeletons
  2 mummies (Ossuary)
  A howler monkey zombie (D:8)
  9 adders
  A shadow imp (D:6)
  6 oozes
  3 adder zombies
  An adder skeleton (D:4)
  3 worms
  2 dart slugs
  8 giant geckos
  25 orcs
  6 ball pythons
  10 giant cockroaches
  8 goblins
  7 hobgoblins
  10 jackals
  5 quokkas
  6 bats
  8 giant newts
  2 gnoll zombies (Ossuary)
  8 hobgoblin zombies (Ossuary)
  2 jackal skeletons
  10 kobolds
  7 kobold zombies (Ossuary)
  4 orc zombies (Ossuary)
  A quokka zombie (D:9)
  5 rats
244 creatures vanquished.

Notes
Turn   | Place    | Note
--------------------------------------------------------------
     0 | D:1      | zxpr0jk the Minotaur Fighter began the quest for the Orb.
     0 | D:1      | Reached XP level 1. HP: 19/19 MP: 0/0
   160 | D:1      | Reached skill level 3 in Axes
   160 | D:1      | Reached XP level 2. HP: 27/27 MP: 1/1
   915 | D:2      | Reached XP level 3. HP: 33/33 MP: 2/2
  1031 | D:2      | Reached skill level 4 in Axes
  1221 | D:2      | Found a stormy altar of Qazlal.
  1224 | D:2      | Noticed a fire elemental
  1225 | D:2      | Noticed an air elemental
  1225 | D:2      | Noticed an earth elemental
  1225 | D:2      | Noticed a water elemental
  1229 | D:2      | Reached XP level 4. HP: 35/41 MP: 3/3
  1273 | D:2      | Found a deep blue altar of Sif Muna.
  1810 | D:3      | Reached skill level 5 in Axes
  2032 | D:4      | Found a staircase to the Ecumenical Temple.
  2039 | Temple   | Entered the Ecumenical Temple
  2064 | Temple   | Became a worshipper of Cheibriados the Contemplative
  2110 | D:4      | Found a basalt altar of Yredelemnul.
  2152 | D:4      | Reached skill level 5 in Fighting
  2152 | D:4      | Reached XP level 5. HP: 32/48 MP: 4/4
  2299 | D:4      | Noticed a phantom
  2308 | D:4      | Killed a phantom
  2308 | D:4      | Reached skill level 6 in Axes
  2308 | D:4      | Reached XP level 6. HP: 41/56 MP: 5/5
  2472 | D:4      | Reached * piety under Cheibriados
  2685 | D:4      | Reached skill level 7 in Axes
  2761 | D:5      | Entered Level 5 of the Dungeon
  2802 | D:5      | Found an opulent altar of Gozag.
  2874 | D:5      | Found a sparkling altar of Nemelex Xobeh.
  2933 | D:5      | Found a glowing golden altar of the Shining One.
  2964 | D:5      | Noticed murtidash's ghost (novice KoMo)
  2968 | D:5      | Noticed Menkaure
  2973 | D:5      | Killed murtidash's ghost
  2973 | D:5      | Reached skill level 8 in Axes
  2973 | D:5      | Reached XP level 7. HP: 58/66 MP: 6/6
  2976 | D:5      | Killed Menkaure
  2976 | D:5      | Reached skill level 9 in Axes
  3075 | D:5      | Reached XP level 8. HP: 45/73 MP: 7/7
  3459 | D:6      | Reached skill level 10 in Axes
  3473 | D:6      | Reached ** piety under Cheibriados
  3579 | D:6      | Found a sand-covered staircase.
  3591 | Ossuary  | Entered an ossuary
  3614 | Ossuary  | Reached skill level 11 in Axes
  3689 | Ossuary  | Reached *** piety under Cheibriados
  3784 | D:6      | Reached XP level 9. HP: 68/82 MP: 8/8
  3989 | D:6      | Found a stormy altar of Qazlal.
  4096 | D:6      | Noticed Grinder
  4102 | D:6      | Killed Grinder
  4319 | D:7      | Reached skill level 12 in Axes
  4446 | D:7      | Found Bocruod's Antique Weapon Shop.
  4659 | D:7      | Got a pitted short sword
  4660 | D:7      | Identified the cursed +2 short sword "Aptabid" {pain, Int+3} (You found it on level 7 of the Dungeon)
  4718 | D:7      | Reached skill level 1 in Short Blades
  4897 | D:8      | Got a transparent rapier
  4932 | D:8      | Reached **** piety under Cheibriados
  5112 | D:8      | Found a blossoming altar of Fedhas.
  5177 | D:8      | Reached skill level 10 in Fighting
  5186 | D:8      | Reached skill level 5 in Short Blades
  5430 | D:8      | Found a basalt altar of Yredelemnul.
  5430 | D:8      | Found a shattered altar of Ashenzari.
  5611 | D:9      | Reached ***** piety under Cheibriados
  5633 | D:9      | Identified the +2 rapier "Septufiy" {drain, *Rage Int+4} (You found it on level 8 of the Dungeon)
  5639 | D:9      | Reached XP level 10. HP: 63/94 MP: 9/9
  5859 | D:9      | Gained mutation: You are partially covered in rough black scales (AC +4, Dex -1). [mutagenic meat]
  5861 | D:9      | Gained mutation: Your system is resistant to poisons. [potion of mutation]
  5861 | D:9      | Gained mutation: You are resistant to hostile enchantments. [potion of mutation]
  5861 | D:9      | Gained mutation: You expend magic power (3 MP) to strengthen your wands. [potion of mutation]
  5862 | D:9      | Gained mutation: Your natural rate of healing is unusually fast. [potion of mutation]
  5862 | D:9      | Gained mutation: You are frail (-10% HP). [potion of mutation]
  6047 | D:9      | Reached skill level 1 in Dodging
  6164 | D:10     | Entered Level 10 of the Dungeon
  6319 | D:10     | Noticed Josephine
  6329 | D:10     | Killed Josephine
  6329 | D:10     | Reached skill level 5 in Armour
  6329 | D:10     | Reached skill level 5 in Shields
  6339 | D:10     | HP: 1/84 [orc priest/divine providence (14)]
  6339 | D:10     | Slain by an orc warrior

Skill      XL: |  1  2  3  4  5  6  7  8  9 10 |
---------------+-------------------------------+-----
Axes           | 3 4 5 6 8 9 11 12 | 12.1
Fighting       | 4 5 7 8 10 | 10.5
Short Blades   | 6 8 |  8.1
Dodging        | 3 |  3.4
Shields        | 5 |  5.6
Armour         | 5 |  5.5

Action                   |  1- 3 |  4- 6 |  7- 9 | 10-12 || total
-------------------------+-------+-------+-------+-------++-------
Melee: War axe           |    81 |   101 |   135 |       ||   317
       Headbutt          |    12 |    27 |    91 |    33 ||   163
       Short sword       |       |       |   104 |       ||   104
       Rapier            |       |       |       |    96 ||    96
  Use: Potion            |       |     1 |       |     5 ||     6
       Scroll            |       |       |     7 |    18 ||    25
 Stab: Invisible         |       |       |       |     2 ||     2
  Eat: Chunk             |     1 |     5 |     6 |     5 ||    17
Armor: Scale mail        |    36 |    50 |     8 |       ||    94
       Plate armour      |       |       |    91 |    32 ||   123
Dodge: Dodged            |    29 |    24 |    63 |    46 ||   162
Block: Shield            |    38 |    56 |   174 |    71 ||   339
